 Dungeon Crawl Stone Soup version 0.29.1-2-gbd0b4ee654 (webtiles) character file.

Game seed: 2779281986988553060

397 qeuew the Ducker (level 6, 0/48 HPs)
             Began as a Merfolk Gladiator on Nov 10, 2022.
             Slain by Prince Ribbit (6 damage)
             ... on level 4 of the Dungeon.
             The game lasted 00:06:44 (4478 turns).

qeuew the Ducker (Merfolk Gladiator)                Turns: 4478, Time: 00:06:44

Health: 0/48       AC:  8    Str: 17    XL:     6   Next: 83%
Magic:  6/6        EV: 13    Int:  7    God:
Gold:   199        SH:  0    Dex: 15    Spells: 5/5 levels left

rFire   . . .      SeeInvis .   a - +0 trident (vorpal)
rCold   . . .      Faith    .   (no shield)
rNeg    . . .      Spirit   .   i - +0 ring mail
rPois   +          Reflect  .   c - +0 helmet
rElec   .          Harm     .   (no cloak)
rCorr   .          Rampage  .   j - +1 pair of gloves
Will    .....                   (no boots)
Stlth   +.........              (no amulet)
HPRegen 0.16/turn               l - ring of poison resistance
MPRegen 0.10/turn               (no ring)

@: mighty
A: (nimble swimmer 2), mertail
a: no special abilities


You were on level 4 of the Dungeon.
You visited 1 branch of the dungeon, and saw 5 of its levels.

You collected 199 gold pieces.

Inventory:

Hand Weapons
 a - a +0 vorpal trident (weapon)
Missiles
 e - a javelin (quivered)
Armour
 c - a +0 helmet (worn)
 i - a +0 ring mail (worn)
 j - a +1 pair of gloves (worn)
Jewellery
 l - a ring of poison resistance (left hand)
Wands
 o - a wand of mindburst (5)
Scrolls
 b - a scroll of identify
 g - a scroll of butterflies
 k - a scroll of teleportation
 m - a scroll of blinking
Potions
 f - a potion of mutation
 h - a potion of curing
 n - a potion of flight
 r - a potion of might


   Skills:
 + Level 3.9 Fighting
 + Level 5.6 Polearms
 + Level 3.4 Throwing
 + Level 2.0 Armour
 + Level 5.6 Dodging


You had 5 spell levels left.
You didn't know any spells.
Your spell library was empty.

Dungeon Overview and Level Annotations

Branches:
Dungeon (5/15)
 Temple: D:4-7

Altars:
Cheibriados
Elyvilon
Ru
Yredelemnul

Shops:
D:2 :   D:3 :   D:4 (

Annotations:
D:4 Prince Ribbit
D:5 Pikel


Innate Abilities, Weirdness & Mutations

((You are very nimble when in or above water. (Stealth+, EV+, Speed+++)))
Your lower body shifts to a powerful aquatic tail in water.


Message History

The iguana completely misses you.
The gnoll hits you from afar with a +0 spear.
* * * LOW HITPOINT WARNING * * *
You climb upwards.
There is a stone staircase leading down here.
You feel much better.
Prince Ribbit hits you but does no damage.
The iguana bites you! Prince Ribbit barely misses you.
You feel very mighty all of a sudden. Prince Ribbit misses you.
The iguana closely misses you.
You completely miss Prince Ribbit. Prince Ribbit barely misses you.
The iguana bites you but does no damage.
Prince Ribbit hits you but does no damage.
You closely miss Prince Ribbit. Prince Ribbit closely misses you.
The iguana barely misses you.
You puncture Prince Ribbit!
Prince Ribbit is moderately wounded.
Prince Ribbit blinks!
The iguana barely misses you.
Throw: 2 throwing nets
Press: ? - help, Q - select action, (/) - cycle Shift-Dir - straight line, f - iguana
Aim: an iguana (64% to hit)
You throw a throwing net. The throwing net hits the iguana.
The iguana is caught in the net!
The iguana struggles against the net.
You catch the helpless iguana completely off-guard!
You puncture the iguana!
You kill the iguana!
Your Armour skill increases to level 2!
Throw: throwing net
Press: ? - help, Q - select action, (/) - cycle Shift-Dir - straight line, f - Prince Ribbit
Aim: Prince Ribbit (moderately wounded, 39% to hit)
You throw a throwing net.
The throwing net closely misses Prince Ribbit.
Prince Ribbit barely misses you.
You impale Prince Ribbit!!
Prince Ribbit is almost dead.
Prince Ribbit hits you!
* * * LOW HITPOINT WARNING * * *
Prince Ribbit hits you.
You die...

...## ###### ##.###.## #
....## ##.#####.....##
###..####............# #
##..##...######...##
##.......#####...#
##.........##...# #
######..######......# ##
.......## ##....## #.
######## ##@..# ##. #
##.(F.# #..
########.....## ### ##
####.............### #
.###.....#.####.......###
#
........#...########....#
# ###....#.#..#...#
###..#########
##....#...#.....##
##(....##.[.
.....#.....#..#..#
#...##....##


You could see Prince Ribbit.

Vanquished Creatures
  A lemure (D:4)
  Blork the orc (D:4)
  A scorpion (D:4)
  An iron imp (D:4)
  Ijyb (D:4)
  2 iguanas (D:4)
  7 adders
  A gnoll (D:4)
  An ufetubus (D:4)
  2 dart slugs (D:1)
  An orc (D:4)
  7 ball pythons
  8 endoplasms
  6 giant cockroaches
  14 goblins
  10 hobgoblins
  4 jackals (D:4)
  5 bats
  6 frilled lizards
  7 kobolds
  2 rats
88 creatures vanquished.

Vanquished Creatures (others)
  3 plants (D:1)
3 creatures vanquished.

Grand Total: 91 creatures vanquished

Notes
Turn   | Place    | Note
-------+----------+-------------------------------------------
     0 | D:1      | qeuew the Merfolk Gladiator began the quest for the Orb.
     0 | D:1      | Reached XP level 1. HP: 16/16 MP: 1/1
   215 | D:1      | Reached XP level 2. HP: 23/23 MP: 2/2
   630 | D:1      | Reached XP level 3. HP: 28/28 MP: 3/3
  1129 | D:2      | Found Piynut's Book Emporium.
  1154 | D:2      | Reached skill level 1 in Armour
  1154 | D:2      | Reached XP level 4. HP: 34/34 MP: 4/4
  1749 | D:3      | Found Hyqaez's Book Emporium.
  2613 | D:4      | Noticed Blork the orc
  2624 | D:4      | Killed Blork the orc
  2625 | D:4      | Reached skill level 5 in Polearms
  2625 | D:4      | Reached skill level 5 in Dodging
  2625 | D:4      | Reached XP level 5. HP: 33/41 MP: 5/5
  2693 | D:4      | Found a sacrificial altar of Ru.
  2710 | D:4      | Reached XP level 6. HP: 42/47 MP: 6/6
  2845 | D:4      | Found Xiwn's Antique Weapon Shop.
  3170 | D:4      | Found a snail-covered altar of Cheibriados.
  3343 | D:4      | Found a white marble altar of Elyvilon.
  3436 | D:4      | Found a basalt altar of Yredelemnul.
  3633 | D:4      | Noticed Ijyb
  3652 | D:4      | Killed Ijyb
  4129 | D:5      | Entered Level 5 of the Dungeon
  4146 | D:5      | Noticed Pikel
  4148 | D:5      | Noticed Prince Ribbit
  4478 | D:4      | Slain by Prince Ribbit

Illustrated notes

Levels and vault maps discovered:
D:1:      erik_arrival_triangle_huge, layout_basic, serial_bayou,
          serial_bayou_pond_d, serial_bayou_shore_b, serial_bayou_ford_a,
          serial_bayou_lake_a, serial_park_tiny_pond
D:2:      layout_loops_ring, serial_shops, shop
D:3:      layout_basic, serial_shops, nicolae_shop_hallway_stairs,
          serial_curves, eino_curves_01, eino_curves_03
D:4:      kennysheep_the_goblin_king, layout_layer_cave, kennysheep_ying_yang,
          chei_slow_surprise, nicolae_ru_awakened_eye, serial_shops,
          kennysheep_mini_moat, uniq_blork_the_orc
D:5:      layout_rooms, serial_shops, kennysheep_mini, uniq_pikel,
          uniq_prince_ribbit1, uniq_eustachio

Skill      XL: |  1  2  3  4  5  6 |
---------------+-------------------+-----
Armour         | 1 2 |  2.0
Fighting       | 3 |  3.9
Polearms       | 5 |  5.6
Throwing       | 3 |  3.4
Dodging        | 5 |  5.6

Action                   |  1- 3 |  4- 6 || total
-------------------------+-------+-------++-------
Melee: Trident           |   107 |   210 ||   317
       Tailslap          |     5 |       ||     5
       Punch             |       |     1 ||     1
Throw: Throwing net      |       |     3 ||     3
  Use: Scroll            |     4 |    10 ||    14
       Potion            |     2 |     6 ||     8
 Stab: Sleeping          |     1 |       ||     1
       Held in net/web   |       |     1 ||     1
Armor: Leather armour    |     8 |       ||     8
       Ring mail         |    29 |    79 ||   108
Dodge: Dodged            |    65 |   139 ||   204
